Map: [ESL] Site Delta

Players

DKZDark (Dark)

  • Race: Zerg Zerg
  • League: Master
  • Spawn Location: 11:00

DKZherO (herO) - Winner!

  • Race: Protoss Protoss
  • League: Grandmaster
  • Spawn Location: 5:00

Event: IEM Katowice 2024

VOD

Have the link to the VOD?

Description

Time

  • Played on: Dec. 6, 2023, 5:50 a.m.
  • Length: 6:31

All games in this series

Show
View Real Time Build Order
Export as new Build Order

DKZDark Zerg 

Build Orders: Hatch First 

Get SALT Encoding   

  12  0:01  Drone  
  13  0:13  Overlord  
  13  0:17  Drone  
  14  0:31  Drone x2  
  16  0:40  Drone  
  17  0:50  Drone  
  18  1:02  Hatchery  
  17  1:16  Drone x2  
  19  1:19  Drone, Extractor  
  19  1:27  Spawning Pool  
  19  1:29  Drone  
  19  1:40  Drone  
  20  1:56  Drone  
  21  2:04  Overlord  
  21  2:14  Zergling x2, Queen x2  
  21  2:15  Drone  
  27  2:21  Metabolic Boost  
  27  2:24  Drone  
  27  2:29  Drone  
  29  2:35  Drone  
  30  2:43  Drone  
  30  2:48  Drone x2  
  30  2:50  Hatchery  
  31  2:55  Queen  
  33  3:00  Overlord  
  33  3:02  Zergling x2  
  34  3:07  Drone  
  34  3:10  Drone  
  36  3:22  Zergling x2  
  36  3:23  Drone x6  
  36  3:25  Overlord  
  43  3:33  Lair  
  43  3:36  Spore Crawler  
  43  3:40  Zergling x2  
  44  3:41  Drone  
  44  3:45  Queen  
  46  3:48  Drone  
  46  3:50  Drone  
  46  3:53  Drone x2  
  50  3:57  Drone x2  
  51  4:05  Spore Crawler  
  51  4:06  Zergling x2  
  51  4:07  Zergling x2  
  51  4:08  Drone x2  
  54  4:12  Drone  
  54  4:13  Queen  
  54  4:14  Overlord  
  56  4:18  Extractor  
  56  4:19  Overlord  
  56  4:20  Drone  
  56  4:24  Overlord  
  56  4:31  Zergling x4  
  58  4:36  Zergling x4  
  58  4:37  Zergling x6  
  64  4:38  Drone  
  64  4:42  Zergling x8  
  68  4:51  Zergling x4  
  68  4:52  Spire  
  69  4:53  Zergling x2  
  69  4:57  Drone  
  71  5:02  Zergling x4  
  73  5:07  Zergling x8  
  73  5:11  Zergling x10  
  73  5:14  Drone  
  77  5:15  Drone x2  
  77  5:20  Drone  
  75  5:22  Extractor  
  75  5:23  Extractor  
  75  5:26  Drone  
  73  5:31  Drone x2  
  73  5:39  Zergling x10  
  74  5:48  Zergling x6  
  75  5:56  Zergling x2  
  75  6:00  Zergling x8  
  77  6:05  Zergling x8  
Show
View Real Time Build Order
Export as new Build Order

DKZherO Protoss - Winner!

Build Orders: 1 Gate Expand, Mass Adepts 

Get SALT Encoding   

  12  0:00  Probe  
  13  0:13  Pylon  
  13  0:17  Probe (Chrono Boost)  
  14  0:26  Probe (Chrono Boost)  
  15  0:31  Probe  
  16  0:38  Gateway  
  16  0:43  Probe  
  16  0:47  Assimilator  
  17  0:55  Probe  
  18  1:08  Probe  
  19  1:20  Probe  
  20  1:26  Nexus  
  20  1:37  Cybernetics Core  
  20  1:39  Probe  
  21  1:45  Assimilator  
  21  1:51  Probe  
  22  1:56  Pylon  
  22  2:03  Probe  
  23  2:12  Adept (Chrono Boost)  
  25  2:15  Probe  
  25  2:21  Stargate  
  26  2:27  Probe  
  26  2:28  Warp Gate  
  27  2:35  Adept  
  29  2:39  Probe (Chrono Boost)  
  31  2:46  Probe (Chrono Boost)  
  31  2:48  Twilight Council  
  31  2:49  Probe (Chrono Boost)  
  32  2:53  Probe (Chrono Boost)  
  32  2:54  Probe (Chrono Boost)  
  34  3:05  Stalker, Probe x2  
  37  3:11  Gateway  
  38  3:17  Gateway  
  38  3:18  Resonating Glaives (Chrono Boost), Probe  
  39  3:27  Gateway  
  39  3:41  Probe  
  39  3:44  Nexus  
  39  3:48  Pylon  
  40  3:49  Probe  
  40  3:53  Probe  
  42  4:02  Probe  
  43  4:05  Probe  
  42  4:13  Assimilator  
  42  4:14  Assimilator, Probe  
  42  4:16  Adept x2  
  47  4:17  Adept  
  47  4:18  Probe  
  47  4:20  Pylon  
  47  4:22  Adept  
  52  4:27  Probe  
  52  4:30  Probe  
  54  4:39  Adept  
  54  4:40  Adept x2  
  54  4:42  Adept  
  62  4:51  Robotics Facility  
  62  4:54  Pylon  
  65  5:00  Adept x2  
  65  5:01  Adept  
  65  5:06  Adept  
  70  5:12  Probe x3 (Chrono Boost)  
  68  5:21  Probe x3 (Chrono Boost)  
  68  5:26  Probe x3 (Chrono Boost)  
  70  5:32  Adept x4  
  79  5:38  Probe  
  79  5:39  Probe  
  79  5:40  Probe  
  79  5:41  Shield Battery  
  80  5:49  Pylon  
  80  5:53  Adept x3  
  84  6:03  Probe  
  85  6:07  Probe  
  85  6:08  Probe  
  87  6:14  Adept  
  87  6:15  Adept x2  
  87  6:18  Pylon  
  93  6:19  Pylon  
  91  6:26  Gateway  
  91  6:27  Gateway  
  91  6:28  Gateway  

Tags
 
Add a new tag
Caveats
  • Supply blocks, unpowered buildings, or Contaminate may cause inaccurate times.
  • Supply counts are checked every 10 seconds.